 Dungeon Crawl Stone Soup version 0.21.0-24-g2553a33 (webtiles) character file.

74 zxpr0jk the Slasher (level 4, -1/57 HPs)
             Began as a Draconian Berserker on Jan 21, 2018.
             Was a Believer of Trog.
             Slain by an orc
             ... wielding a +1 dagger of venom
              (6 damage)
             ... on level 2 of the Dungeon.
             The game lasted 00:02:01 (1523 turns).

zxpr0jk the Slasher (Draconian Berserker)           Turns: 1523, Time: 00:02:02

Health: -1/57      AC:  5    Str: 24    XL:     4   Next: 10%
Magic:  4/4        EV: 13    Int:  7    God:    Trog [**....]
Gold:   97         SH:  0    Dex: 12    Spells: 3/3 levels left

rFire    . . .     SeeInvis .   a - +0 falchion
rCold    . . .     Gourm    .   (no shield)
rNeg     . . .     Faith    .   (armour unavailable)
rPois    .         Spirit   .   (helmet restricted)
rElec    .         Reflect  .   (no cloak)
rCorr    .         Harm     .   (no gloves)
MR       .....                  (no boots)
Stlth    ..........             (no amulet)
HPRegen  0.19/turn              (no ring)
MPRegen  0.09/turn              (no ring)

@: berserking, lethally poisoned (-1 -> -9), very quick
A: unfitting armour, cold-blooded, AC +5
a: Berserk, Trog's Hand, Burn Spellbooks, Renounce Religion


You were on level 2 of the Dungeon.
You worshipped Trog.
Trog was pleased with you.
You were very hungry.

You visited 1 branch of the dungeon, and saw 3 of its levels.

You collected 97 gold pieces.

Inventory:

Hand Weapons
 a - a +0 falchion (weapon)
Jewellery
 o - an uncursed ring of wizardry {unknown}
Wands
 n - a wand of flame (36)
Scrolls
 d - a scroll of immolation {unknown}
 e - 2 scrolls of identify {unknown}
 i - a scroll of remove curse {unknown}
 j - a scroll of fear {unknown}
 l - a scroll of fog {unknown}
Potions
 c - 5 potions of degeneration {unknown}
 f - a potion of resistance {unknown}
 g - a potion of invisibility {unknown}
 h - 2 potions of haste {unknown}
 m - a potion of agility {unknown}
Comestibles
 b - 4 rations


   Skills:
 - Level 3.2 Fighting
 * Level 4.4 Long Blades
 + Level 3.3 Dodging


You had 3 spell levels left.
You didn't know any spells.

Dungeon Overview and Level Annotations

Branches:
Dungeon (3/15)

Altars:


Innate Abilities, Weirdness & Mutations

Your plain brown scales are hard. (AC +5)
You cannot fit into any form of body armour.
You are cold-blooded and may be slowed by cold attacks.


Message History

The orc hits you but does no damage. The orc barely misses you.
Okay, then.
A red film seems to cover your vision as you go berserk!
You feel yourself moving faster!
You feel mighty!
You are feeling very hungry.
You feel sick.
You hear some strange, mumbled words.
A puff of frost appears from out of thin air!
The puff of frost hits you!
* * * LOW HITPOINT WARNING * * *
The orc completely misses you.
You riposte.
You closely miss the orc. You tail-slap the orc.
The orc is heavily wounded.
You hit the orc but do no damage.
The orc is heavily wounded.
* * * LOW HITPOINT WARNING * * *
You feel sick. The orc barely misses you.
You hear some strange, mumbled words.
The orc hits you with a dagger of venom.
You die...

######### ##### #........
############### #...###.######.
#.............### #.#........###.
#.####.#.####.#@###...#........#.
#.# ##.#.####oo{o###.##.#........
#.###......##.....##.##.####.#.##
#...^....#.##....###.##[####.#.#
#####..###...........##.##...#.#
#..######.#.#######.##.###.# #
##.........#.# #.##.# #.# ##
#..#########+## #.##.###.# .#
#.## ##...## #........#


You could see 3 orcs.

Vanquished Creatures
  An adder (D:2)
  2 oozes
  A worm (D:2)
  3 dart slugs
  2 leopard geckos (D:1)
  A ball python (D:2)
  5 bats
  3 giant cockroaches
  8 hobgoblins
  3 jackals (D:1)
  A kobold (D:2)
  2 frilled lizards
  5 goblins
  8 rats
45 creatures vanquished.

Notes
Turn   | Place    | Note
-------+----------+-------------------------------------------
     0 | D:1      | zxpr0jk the Draconian Berserker began the quest for the Orb.
     0 | D:1      | Reached XP level 1. HP: 19/19 MP: 1/1
    49 | D:1      | Reached XP level 2. HP: 9/26 MP: 2/2
   528 | D:1      | Reached XP level 3. HP: 26/31 MP: 3/3
   560 | D:1      | Reached ** piety under Trog
   795 | D:2      | Reached skill level 4 in Long Blades
  1236 | D:2      | Reached XP level 4. HP: 38/38 MP: 4/4
  1523 | D:2      | Slain by an orc

Skill      XL: |  1  2  3 |
---------------+----------+-----
Dodging        | 3 |  3.3
Long Blades    | 4 |  4.4
Fighting       | |  3.2

Action                   |  1- 3 |  4- 6 || total
-------------------------+-------+-------++-------
Melee: Falchion          |   116 |    19 ||   135
       Tailslap          |    12 |     7 ||    19
Throw: Stone             |     2 |       ||     2
Invok: Berserk           |       |     1 ||     1
  Eat: Chunk             |     1 |     1 ||     2
Armor: Skin              |    36 |     7 ||    43
Dodge: Dodged            |    90 |    19 ||   109
       Rpst.: Falchion   |    22 |     8 ||    30
